 Dungeon Sprint DCSS version 0.23-a0-143-g1adec7b (webtiles) character file.

86 Faca the Slinger (level 4, -2/39 HPs)
             Began as a Formicid Hunter on Aug 31, 2018.
             Was a Follower of Okawaru.
             Slain by a wolf (5 damage)
             ... in the Dungeon (Sprint V: "Ziggurat Sprint").
             The game lasted 00:02:29 (111 turns).

Faca the Slinger (Formicid Hunter)                   Turns: 111, Time: 00:02:29

Health: -2/39      AC:  3    Str: 23    XL:     4   Next: 78%
Magic:  4/4        EV:  9    Int: 10    God:    Okawaru [*.....]
Gold:   0          SH: 11    Dex: 18    Spells: 3/3 levels left

rFire    . . .     SeeInvis +   q - +5 hunting sling
rCold    . . .     Gourm    .   m - +3 shield
rNeg     . . .     Faith    .   c - +0 leather armour
rPois    .         Spirit   .   (helmet unavailable)
rElec    .         Reflect  .   (no cloak)
rCorr    .         Harm     .   (no gloves)
MR       .....                  (no boots)
Stlth    +++.......             (no amulet)
HPRegen  0.13/turn              I - +6 ring of dexterity
MPRegen  0.09/turn              M - +6 ring of strength

@: no status effects
A: permanent stasis, dig shafts and tunnels, four strong arms, antennae 3
a: Dig, Heroism, Renounce Religion


You were in the Dungeon.
You worshipped Okawaru.
Okawaru was aware of your devotion.
You were not hungry.

You visited 1 branch

Inventory:

Hand Weapons
 a - a +5 triple sword
 q - a +5 hunting sling (weapon)
 r - a +5 demon blade
 O - the +6 shillelagh "Devastator" {shatter}
   (You found it in the Dungeon)
 P - the +9 sword of Zonguldrok {reap}
   (You found it in the Dungeon)

   If a monster killed with it leaves a corpse in good enough shape, the corpse
   will be animated as a zombie friendly to the killer.
Missiles
 d - 1003 sling bullets (quivered)
Armour
 c - a +0 leather armour (worn)
 l - a +3 large shield
 m - a +3 shield (worn)
 n - +5 gold dragon scales
 p - +5 shadow dragon scales
 N - the +15 Maxwell's patent armour {-Cast -Tele rElec MR+ rCorr}
   (You found it in the Dungeon)

   It insulates you from electricity.
   It affects your resistance to hostile enchantments.
   It prevents spellcasting.
   It prevents most forms of teleportation.
   It provides partial protection from all sources of acid and corrosion.
Jewellery
 H - a +6 ring of dexterity
 I - a +6 ring of dexterity (left hand)
 M - a +6 ring of strength (right hand)
Wands
 E - a wand of disintegration (7)
 F - a wand of iceblast (7)
 G - a wand of acid (7)
Scrolls
 y - 4 scrolls of amnesia
 z - 7 scrolls of fog
 A - a scroll of holy word
 B - 5 scrolls of identify
 C - 5 scrolls of remove curse
 D - 2 scrolls of fear
Potions
 e - 10 potions of curing
 g - 10 potions of heal wounds
 i - 7 potions of magic
 s - 2 potions of brilliance
 t - 2 potions of invisibility
 u - 4 potions of resistance
 w - 5 potions of agility
 x - 5 potions of might
Comestibles
 f - 7 rations


   Skills:
 + Level 5.5 Fighting
 + Level 8.9 Slings
 - Level 1.7 Dodging
 - Level 6.9 Stealth


You had 3 spell levels left.
You didn't know any spells.
Your spell library was empty.

Dungeon Overview and Level Annotations

Branches:
Dungeon (1/1)

Altars:
Ashenzari
Cheibriados
Dithmenos
Elyvilon
Fedhas
Gozag
Hepliaklqana
Kikubaaqudgha
Makhleb
Nemelex Xobeh
Okawaru
Qazlal
Ru
Sif Muna
Trog
Uskayaw
Vehumet
Wu Jian
Xom
Yredelemnul
Zin
The Shining One
Beogh
Jiyva
Lugonu

Annotations:
D 1 transporter


Innate Abilities, Weirdness & Mutations

You cannot be hasted, slowed, berserked, paralysed or teleported.
You can dig through walls and to a lower floor.
Your four strong arms can wield two-handed weapons with a shield.
You have a pair of large antennae on your head. (SInv)


Message History

* * * LOW HITPOINT WARNING * * *
Firing (i - inventory)
d - 1006 sling bullets (quivered)
Press: ? - help, Shift-Dir - straight line, f/p - wolf
Aim: a wolf (severely wounded)
You shoot a sling bullet. The sling bullet hits the wolf.
The wolf is almost dead.
The wolf barely misses you.
Firing (i - inventory)
d - 1005 sling bullets (quivered)
Press: ? - help, Shift-Dir - straight line, f/p - wolf
Aim: a wolf (almost dead)
You shoot a sling bullet.
The sling bullet closely misses the wolf.
The wolf barely misses you. You block the wolf's attack.
Firing (i - inventory)
d - 1004 sling bullets (quivered)
Press: ? - help, Shift-Dir - straight line, f/p - wolf
Aim: a wolf (almost dead)
You shoot a sling bullet.
The sling bullet barely misses the wolf.
The wolf bites you.
You die...

▓▓▓▓▓▓▓
▓.8©8.▓
{
▓.....▓
▓.(.!.▓
▓(.(..▓
▓.h(..▓
▓..@..▓
▓▓▓▓▓▓▓
{{{ { {


You could see a wolf.

Vanquished Creatures
  A wolf (D)
1 creature vanquished.

Notes
Turn   | Place    | Note
-------+----------+-------------------------------------------
     0 | D        | Found the +6 Majin-Bo {vamp, Archmagi MP+6 Int+6}
     0 | D        | Found the +7 great mace "Firestarter" {inner flame, rF++}
     0 | D        | Faca the Formicid Hunter began the quest for the Orb.
     0 | D        | Reached XP level 1. HP: 16/16 MP: 1/1
     2 | D        | Found a blossoming altar of Fedhas.
     7 | D        | Found a hazy altar of Hepliaklqana.
     7 | D        | Found a viscous altar of Jiyva.
     7 | D        | Found an opulent altar of Gozag.
     7 | D        | Found a transporter.
     7 | D        | Found an ancient bone altar of Kikubaaqudgha.
    12 | D        | Found a corrupted altar of Lugonu.
    24 | D        | Found a deep blue altar of Sif Muna.
    24 | D        | Found a sacrificial altar of Ru.
    24 | D        | Found a bloodstained altar of Trog.
    24 | D        | Found a stormy altar of Qazlal.
    24 | D        | Found an iron altar of Okawaru.
    24 | D        | Found a sparkling altar of Nemelex Xobeh.
    26 | D        | Found a burning altar of Makhleb.
    41 | D        | Found the +9 heavy crossbow "Sniper" {velocity, Acc+∞ SInv}
    41 | D        | Found the +10 dark maul {crush}
    41 | D        | Found the +15 Maxwell's patent armour {-Cast -Tele rElec
                  | MR+ rCorr}
    41 | D        | Found the +18 shield of the Gong {rElec rN+ MR+ EV-5}
    41 | D        | Found the cursed +14 obsidian axe {chop, +Fly SInv *Curse}
    43 | D        | Found the +6 shillelagh "Devastator" {shatter}
    43 | D        | Found the +11 plutonium sword {*Contam Stlth-}
    43 | D        | Found the +8 lance "Wyrmbane" {slay drac, rPois rF+ rC+
                  | AC+3}
    43 | D        | Found the +9 sword of Zonguldrok {reap}
    43 | D        | Found the cursed +13 scythe of Curses {drain, *Curse}
    43 | D        | Found the +0 sword of Power
    43 | D        | Found the +7 mace of Variability {chain chaos}
    43 | D        | Found the +7 Singing Sword
    43 | D        | Found the +7 longbow "Piercer" {penet, EV-2}
    46 | D        | Reached skill level 7 in Slings
    46 | D        | Reached XP level 2. HP: 22/22 MP: 2/2
    52 | D        | Became a worshipper of Warmaster Okawaru
    94 | D        | Entered arena 2.
    94 | D        | Noticed a wolf
    94 | D        | Noticed a wolf
    94 | D        | Found a transporter.
    99 | D        | Killed a wolf
    99 | D        | Reached * piety under Okawaru
    99 | D        | Reached skill level 5 in Fighting
    99 | D        | Reached skill level 8 in Slings
    99 | D        | Reached XP level 3. HP: 17/33 MP: 3/3
    99 | D        | Reached XP level 4. HP: 21/39 MP: 4/4
   111 | D        | Slain by a wolf

Vault maps used:
D:        sprint_v

Skill      XL: |  1  2 |
---------------+-------+-----
Slings         | 7 8 |  8.9
Stealth        | 6 |  6.9
Fighting       | 5 |  5.5
Dodging        | |  1.7

Action                   |  1- 3 |  4- 6 || total
-------------------------+-------+-------++-------
 Fire: Hunting sling     |     5 |    12 ||    17
  Use: Potion            |     1 |       ||     1
Armor: Leather armour    |       |     1 ||     1
Dodge: Dodged            |       |     5 ||     5
Block: Shield            |     5 |     9 ||    14

Table legend:
 A = Non-vault XP
 B = Vault XP
 C = Vault XP percentage of total XP
 D = Non-vault monster count
 E = Vault monster count
 F = Vault count percentage of total count
                 A         B        C        D         E       F
            +---------+---------+-------+---------+---------+-------
      Total |       0 |     115 | 100.0 |       0 |       1 | 100.0
            +---------+---------+-------+---------+---------+-------
          D |       0 |     115 | 100.0 |       0 |       1 | 100.0
            +---------+---------+-------+---------+---------+-------
